 Dungeon Crawl Stone Soup version 0.21-a0-529-g8c7b3f5 (webtiles) character file.

552 Gerstahl the Skirmisher (level 7, -4/55 HPs)
             Began as a Demonspawn Monk on Dec 9, 2017.
             Was a Follower of Ashenzari.
             Slain by Pikel
             ... wielding a +2 whip of flaming
              (6 damage)
             ... on level 3 of the Dungeon.
             The game lasted 00:11:33 (4842 turns).

Gerstahl the Skirmisher (Demonspawn Monk)           Turns: 4842, Time: 00:11:34

Health: -4/55      AC:  7    Str: 11    XL:     7   Next: 8%
Magic:  7/7        EV: 14    Int: 12    God:    Ashenzari [*.....]
Gold:   147        SH:  0    Dex: 17    Spells: 6/6 levels left

rFire    . . .     SeeInvis .   a - +0 falchion
rCold    . . .     Gourm    .   (no shield)
rNeg     . . .     Faith    .   p - +1 leather armour
rPois    .         Spirit   .   (helmet restricted)
rElec    .         Reflect  .   (no cloak)
rCorr    .         Harm     .   (no gloves)
MR       +....                  (no boots)
Stlth    +++.......             (no amulet)
HPRegen  0.18/turn              g - ring of protection from magic (curse)
MPRegen  0.10/turn              m - ring of stealth

@: lethally poisoned (-4 -> -5)
A: antennae 1, slimy green scales 2, demonic guardian 1, powered by pain 1
a: Curse Item, Scrying, Renounce Religion


You were on level 3 of the Dungeon.
You worshipped Ashenzari.
Ashenzari was aware of your devotion.
You were not hungry.

You visited 1 branch of the dungeon, and saw 4 of its levels.

You collected 147 gold pieces.

Inventory:

Hand Weapons
 a - a +0 falchion (weapon)
Armour
 b - a +0 robe
 k - a +0 animal skin
 n - a +1 helmet
 p - a +1 leather armour (worn)
Jewellery
 f - an uncursed ring of flight
 g - a cursed ring of protection from magic (left hand)
 m - a ring of stealth (right hand)
 s - a -4 ring of evasion
Wands
 t - a wand of random effects (28)
Scrolls
 d - 6 scrolls of identify
 e - 2 scrolls of enchant armour
 l - 2 scrolls of noise {unknown}
 o - a scroll of blinking {unknown}
 q - a scroll of magic mapping
 u - a scroll of fear {unknown}
 v - a scroll of teleportation
Potions
 j - a potion of flight
Comestibles
 c - 3 bread rations
 h - 5 meat rations


   Skills:
 + Level 4.8 Fighting
 + Level 4.4 Long Blades
 + Level 2.7 Armour
 + Level 4.4 Dodging
 - Level 1.7 Stealth


You had 6 spell levels left.
You didn't know any spells.

Dungeon Overview and Level Annotations

Branches:
Dungeon (4/15)
 Temple: D:4-7

Altars:
Ashenzari
Trog
Xom
Yredelemnul

Annotations:
D:3 Pikel
D:4 Felix's ghost, amateur DsGl


Innate Abilities, Weirdness & Mutations

You have a pair of small antennae on your head.
You are mostly covered in slimy green scales. (AC +3)
A weak demonic guardian rushes to your aid.
You sometimes gain a little power by taking damage.


Message History

You hit Pikel but do no damage.
Pikel is almost dead.
You hit Pikel.
Pikel is almost dead.
You feel sick. The orc hits you but does no damage.
Your shadow imp closely misses Pikel.
Your shadow imp hits Pikel but does no damage.
Pikel hits your shadow imp with a whip of flaming.
Pikel burns your shadow imp.
You barely miss Pikel.
Pikel is almost dead.
Your shadow imp disappears in a puff of smoke!
The orc hits you but does no damage.
Your shadow imp hits Pikel but does no damage.
Pikel closely misses you. The orc closely misses you.
Unknown command.
You completely miss Pikel.
Pikel is almost dead.
Your shadow imp closely misses Pikel.
Pikel hits you with a whip of flaming.
You die...

##############........#
#......>........[)###.#
..####..........).....#
### #.#####....)..####
#.# #.......# #.#
#.......# ######.#
###.[.### .......#
#.Ko# ######## ##5@# #
##[# # #.# # #.# # #.#
# #.# # #.# # #.#
######### #.#


You could see Pikel, an orc and a friendly shadow imp.

Vanquished Creatures
  A slave (D:3)
  Terence (D:2)
  2 worker ants (D:4)
  2 hound skeletons (D:4)
  Robin (D:2)
  2 gnolls (D:4)
  5 adders
  5 oozes
  6 worms
  A leopard gecko (D:4)
  12 orcs
  9 giant cockroaches
  19 goblins
  10 hobgoblins
  7 jackals
  A quokka (D:4)
  3 ball pythons
  5 bats
  6 frilled lizards
  9 kobolds
  10 rats
117 creatures vanquished.

Vanquished Creatures (collateral kills)
  Sigmund (D:2)
  A hungry ghost (D:4)
  A slave (D:3)
  A crimson imp (D:4)
  Jessica (D:3)
  A gnoll (D:4)
6 creatures vanquished.

Grand Total: 123 creatures vanquished

Notes
Turn   | Place    | Note
-------+----------+-------------------------------------------
     0 | D:1      | Gerstahl the Demonspawn Monk began the quest for the Orb.
     0 | D:1      | Reached XP level 1. HP: 18/18 MP: 1/1
   237 | D:1      | Gained mutation: You sometimes gain a little power by taking damage. [demonic ancestry]
   237 | D:1      | Reached XP level 2. HP: 20/24 MP: 2/2
   699 | D:2      | Noticed Sigmund
   763 | D:2      | Gained mutation: You are partially covered in slimy green scales. (AC +2) [demonic ancestry]
   763 | D:2      | Reached XP level 3. HP: 29/29 MP: 3/3
   947 | D:2      | Noticed Robin
   984 | D:2      | Killed Robin
  1410 | D:2      | Gained mutation: You have a pair of small antennae on your head. [demonic ancestry]
  1410 | D:2      | Reached XP level 4. HP: 34/37 MP: 4/4
  1810 | D:2      | Noticed Terence
  1837 | D:2      | Killed Terence
  2139 | D:2      | Noticed a moth of wrath
  2142 | D:2      | Found a bloodstained altar of Trog.
  2157 | D:2      | Reached skill level 1 in Armour
  2376 | D:2      | Gained mutation: A weak demonic guardian rushes to your aid. [demonic ancestry]
  2376 | D:2      | Reached XP level 5. HP: 42/42 MP: 5/5
  2640 | D:2      | Killed Sigmund
  2640 | D:2      | Reached XP level 6. HP: 23/49 MP: 6/6
  2884 | D:3      | Noticed Jessica
  2910 | D:3      | Killed Jessica
  3319 | D:3      | Found a shattered altar of Ashenzari.
  3346 | D:3      | Became a worshipper of Ashenzari the Shackled
  3346 | D:3      | Reached * piety under Ashenzari
  3346 | D:3      | Reached ** piety under Ashenzari
  3479 | D:4      | Found a basalt altar of Yredelemnul.
  3760 | D:4      | Noticed a hungry ghost
  3762 | D:4      | Noticed Felix's ghost (amateur DsGl)
  3823 | D:4      | Killed a hungry ghost
  4024 | D:4      | Gained mutation: You are mostly covered in slimy green scales. (AC +3) [demonic ancestry]
  4024 | D:4      | Reached XP level 7. HP: 19/55 MP: 7/7
  4227 | D:4      | Found a shimmering altar of Xom.
  4316 | D:4      | Noticed Pikel
  4834 | D:3      | HP: 4/82 [Pikel/whip of flaming (5)]
  4840 | D:3      | HP: 2/55 [poisoned by an adder]
  4842 | D:3      | Slain by Pikel

Vault maps used:
D:1:      dpeg_arrival_concentric_ovals, minmay_misc_feat_rows,
          minmay_small_reverse_x
D:2:      tgw_trog, guppyfry_early_orc_mine, uniq_sigmund, uniq_robin,
          uniq_terence
D:3:      nicolae_overflow_crystal_walls, uniq_jessica
D:4:      xom_butterflies, lemuel_doored_altar, first_bread, st_stairs_10,
          uniq_pikel

Skill      XL: |  1  2  3  4  5  6 |
---------------+-------------------+-----
Long Blades    | 3 4 |  4.4
Dodging        | 3 4 |  4.4
Armour         | 1 2 |  2.7
Fighting       | 4 |  4.8
Stealth        | |  1.7

Action                   |  1- 3 |  4- 6 |  7- 9 || total
-------------------------+-------+-------+-------++-------
Melee: Falchion          |   123 |   309 |    53 ||   485
Throw: Throwing net      |       |     2 |       ||     2
Invok: Curse Item        |       |     1 |       ||     1
  Use: Potion            |     2 |     3 |     1 ||     6
       Scroll            |       |     4 |       ||     4
 Stab: Sleeping          |     1 |     7 |       ||     8
       Held in net/web   |       |     1 |       ||     1
  Eat: Chunk             |     1 |     6 |     1 ||     8
       Fruit             |       |     3 |       ||     3
       Royal jelly       |       |       |     2 ||     2
Armor: Robe              |    22 |       |       ||    22
       Leather armour    |     9 |    67 |    16 ||    92
       Skin              |     2 |       |    77 ||    79
Dodge: Dodged            |    86 |   237 |    39 ||   362
       Rpst.: Falchion   |    26 |    70 |    14 ||   110

Table legend:
 A = Spawn XP
 B = Non-spawn XP
 C = Spawn XP percentage of total XP
 D = Spawn monster count
 E = Non-spawn monster count
 F = Spawn count percentage of total count
 G = Total turns spent on level
                    A         B        C        D         E        F      G
               +---------+---------+-------+---------+---------+-------+---------
         Total |       0 |     789 |   0.0 |       0 |     121 |   0.0 |  4842
               +---------+---------+-------+---------+---------+-------+---------
           D:1 |       0 |      37 |   0.0 |       0 |      20 |   0.0 |   728
           D:2 |       0 |     344 |   0.0 |       0 |      56 |   0.0 |  2130
           D:3 |       0 |     109 |   0.0 |       0 |      26 |   0.0 |  1018
           D:4 |       0 |     299 |   0.0 |       0 |      19 |   0.0 |   966
               +---------+---------+-------+---------+---------+-------+---------
